 Dungeon Crawl Stone Soup version 0.16-a0-2850-ga1f9c71 (console) character file.

23 vogonpoet the Digger (level 3, -2/21 HPs)
             Began as an Octopode Earth Elementalist on Nov 29, 2014.
             Slain by an adder (3 damage)
             ... on level 2 of the Dungeon.
             The game lasted 00:06:19 (1540 turns).

vogonpoet the Digger (Octopode Earth Elementalist)  Turns: 1540, Time: 00:06:19

Health: -2/21      AC:  1    Str:  7    XL:     3   Next: 0%
Magic:  0/6        EV: 12    Int: 18    God:
Gold:   87         SH:  0    Dex: 12    Spells: 2 memorised, 3 levels left

rFire  . . .     SeeInvis .     b - 52 stones
rCold  . . .     Clarity  .     (no shield)
rNeg   . . .     SustAb   .     (helmet restricted)
rPois  .         Gourm    +     c - amulet of the gourmand
rElec  .         Spirit   .     p - ring of flight
rCorr  .         Warding  .     (no ring)
rMut   .         Stasis   .     (no ring)
MR     .....                    (no ring)
Stlth  +++.......               (no ring)
                                (no ring)
                                (no ring)
                                (no ring)

@: flying, not resistant to hostile enchantments, fairly stealthy
A: almost no armour, amphibious, 8 rings, constrict 8, camouflage 1, gelatinous
body 1
a: no special abilities


You were on level 2 of the Dungeon.
You were full.

You visited 1 branch of the dungeon, and saw 2 of its levels.

You collected 87 gold pieces.

Inventory:

Hand weapons
 f - a +0 hunting sling
 j - a +0 hand axe
Missiles
 b - 52 stones (in tentacle)
Jewellery
 a - an uncursed amulet of warding
 c - an amulet of the gourmand (around mantle)
 k - an uncursed amulet of rage
 p - a ring of flight (left tentacle)
 q - an uncursed amulet of faith
Scrolls
 e - 4 scrolls of identify {unknown}
 g - 2 scrolls of remove curse {unknown}
 h - a scroll of teleportation {unknown}
 l - a scroll of immolation {unknown}
 r - a scroll of fog {unknown}
 s - a scroll of enchant armour {unknown}
Potions
 i - a potion of curing {unknown}
 m - a potion of heal wounds {unknown}
 n - a potion of flight
Books
 d - a book of Geomancy

   Spells                             Type                      Level
   a - Sandblast                      Earth                        1
   b - Stoneskin                      Transmutation/Earth          2
   c - Passwall                       Transmutation/Earth          3
   d - Stone Arrow                    Conjuration/Earth            3
   e - Petrify                        Transmutation/Earth          4
   f - Lee's Rapid Deconstruction     Earth                        5
Comestibles
 o - 2 meat rations
 t - 4 bread rations


   Skills:
 - Level 2.0 Dodging
 - Level 2.6 Stealth
 - Level 2.0 Spellcasting
 - Level 1.0 Transmutations
 + Level 4.0 Earth Magic


You had 3 spell levels left.
You knew the following spells:

 Your Spells              Type           Power        Failure   Level  Hunger
a - Sandblast             Erth           ###...       3%          1    #......
b - Stoneskin             Trmt/Erth      ##......     12%         2    ###....


Dungeon Overview and Level Annotations

Branches:
Dungeon (2/15)

Altars:


Innate Abilities, Weirdness & Mutations

You cannot wear most types of armour.
You are amphibious.
You can wear up to eight rings at the same time.
You can use your tentacles to constrict many enemies at once.
Your skin changes colour to match your surroundings (Stealth).
Your rubbery body absorbs attacks (AC +1).


Message History

The adder bites you.
Casting: Sandblast
Confirm with . or Enter, or press ? or * to list all spells.
Aiming: Sandblast
Press: ? - help, Shift-Dir - straight line, f - adder
Aim: an adder The rocky blast hits the adder.
The adder is severely wounded.
The adder bites you.
* * * LOW HITPOINT WARNING * * *
Casting: Sandblast
Confirm with . or Enter, or press ? or * to list all spells.
You don't have enough magic to cast that spell.
Unknown command.
The adder bites you.
* * * LOW HITPOINT WARNING * * *
Drink which item? (? for menu, Esc to quit)
You feel very buoyant.
You fly up into the air.
It was a potion of flight.
The adder bites you.
You die...

..... ###..######
#......# ....
###...........#......#
.
#.............#...)..#
.
#.............#......#
#
#....!........#......#
#
#.....()$.....##.#####
# #....##..$..####.# #
#... #.S...# #.# # #..
##@...# #.# #### #.
#..### #.# ...# #
##[## #.# ...# #..#
#.# ...# ##[# #.# ...#
#.# #.######## ...#
#.# #.#....... ...#
#.#####)#....... ...#
#..#............


You could see an adder.

Vanquished Creatures
  4 bats
  A giant cockroach (D:2)
  3 hobgoblins
  A giant gecko (D:2)
  3 giant newts (D:2)
  2 goblins
  6 kobolds
  5 rats
25 creatures vanquished.

Notes
Turn   | Place    | Note
--------------------------------------------------------------
     0 | D:1      | vogonpoet, the Octopode Earth Elementalist, began the quest for the Orb.
     0 | D:1      | Reached XP level 1. HP: 11/11 MP: 3/3
   619 | D:1      | Reached XP level 2. HP: 17/17 MP: 4/4
   623 | D:1      | Learned a level 2 spell: Stoneskin
  1245 | D:2      | Reached skill level 4 in Earth Magic
  1537 | D:2      | Reached XP level 3. HP: 13/21 MP: 1/6
  1539 | D:2      | HP: 1/21 [adder (5)]
  1540 | D:2      | Slain by an adder

Action                   || total
-------------------------++-------
Melee: Unarmed           ||    37
Throw: Stone             ||     1
 Cast: Sandblast         ||    25
  Use: Potion            ||     1
 Stab: Sleeping          ||     6
  Eat: Chunk             ||    12
